| TOP OF THE 1ST |
|
Montreal Expos batting - Pitching for New York Yankees : RHP Andres Galindo
|
|
Pitching: RHP Andres Galindo
|
|
|
Batting: LHB Darryl Gonnella
|
0-0: Called Strike 0-1: Called Strike 0-2: Ball 1-2: Ball 2-2: Foul Ball, location: 2F 2-2: Strikes out swinging
|
|
Batting: RHB Steve French
|
0-0: Foul Ball, location: 2F 0-1: Swinging Strike 0-2: Strikes out swinging
|
|
Batting: SHB Joey Pacheco
|
0-0: Foul Ball, location: 2F 0-1: Swinging Strike 0-2: Ball 1-2: Strikes out looking
|
| Top of the 1st over - 0 runs, 0 hits, 0 errors, 0 left on base; Montreal 0 - New York 0 |
| BOTTOM OF THE 1ST |
|
New York Yankees batting - Pitching for Montreal Expos : RHP Steve Barrett
|
|
Pitching: RHP Steve Barrett
|
|
|
Batting: RHB Russ Shambaugh
|
0-0: Ball 1-0: Foul Ball, location: 2F 1-1: Called Strike 1-2: Strikes out swinging
|
|
Batting: RHB Jeckel Hester
|
0-0: Ball 1-0: Ball 2-0: Ball 3-0: Called Strike 3-1: Called Strike 3-2: Strikes out looking
|
|
Batting: SHB Bartholomeu Chambino
|
0-0: SINGLE (Groundball, 4MD, EV 94.4 MPH)
|
|
Batting: SHB Mukhtar Wa'il
|
0-0: Called Strike 0-1: Ground out U3 (Groundball, 3, EV 88.1 MPH)
|
| Bottom of the 1st over - 0 runs, 1 hit, 0 errors, 1 left on base; Montreal 0 - New York 0 |
| TOP OF THE 2ND |
|
Montreal Expos batting - Pitching for New York Yankees : RHP Andres Galindo
|
|
Batting: LHB Austin Ohmer
|
0-0: Ball 1-0: Swinging Strike 1-1: Foul Ball, location: 2F 1-2: Ball 2-2: Ball 3-2: Base on Balls
|
|
Batting: LHB Steve Anderson
|
0-0: Ball 1-0: Called Strike 1-1: Ball Austin Ohmer is caught stealing 2nd base 2-6 2-1: Called Strike 2-2: Strikes out swinging
|
|
Batting: LHB Eric Toney
|
0-0: Called Strike 0-1: Called Strike 0-2: Ball 1-2: Strikes out looking
|
| Top of the 2nd over - 0 runs, 0 hits, 0 errors, 0 left on base; Montreal 0 - New York 0 |
| BOTTOM OF THE 2ND |
|
New York Yankees batting - Pitching for Montreal Expos : RHP Steve Barrett
|
|
Batting: RHB Adriaan Pieters
|
0-0: Ball 1-0: Ball 2-0: Foul Ball, location: 2F 2-1: Foul Ball, location: 2F 2-2: TRIPLE (Flyball, 89XD, EV 108.8 MPH)
|
|
Batting: RHB Larry Martell
|
0-0: Ball 1-0: Ball 2-0: Ball 3-0: Fly out, F8 (Flyball, 8LXD, EV 85.6 MPH) Runner from 3rd tags up, SCORES, no throw by CF
|
|
Batting: RHB Jose Tovar
|
0-0: Called Strike 0-1: Ball 1-1: DOUBLE (Line Drive, 78M, EV 101.9 MPH)
|
|
Batting: RHB Geni Prawiranega
|
0-0: SINGLE (Line Drive, 6D, EV 97.5 MPH) Jose Tovar to third
|
|
Batting: LHB Dan Morris
|
0-0: Foul Ball, location: 2F 0-1: Ball 1-1: Called Strike Geni Prawiranega steals 2nd base 1-2: Foul Ball, location: 2F 1-2: Strikes out swinging
|
|
Batting: RHB Russ Shambaugh
|
0-0: Foul Ball, location: 2F 0-1: Foul Ball, location: 2F 0-2: Ball 1-2: Ball 2-2: SINGLE (Flyball, 8RS, EV 98.1 MPH) Jose Tovar scores Geni Prawiranega to third
|
|
Batting: RHB Jeckel Hester
|
0-0: Called Strike 0-1: DOUBLE (Line Drive, 89M, EV 98.1 MPH) Geni Prawiranega scores Russ Shambaugh to third Runner from 3rd tries for Home, SAFE, throw by RF to home
|
|
Batting: SHB Bartholomeu Chambino
|
0-0: Foul Ball, location: 2F 0-1: Called Strike 0-2: Strikes out looking
|
| Bottom of the 2nd over - 4 runs, 5 hits, 0 errors, 1 left on base; Montreal 0 - New York 4 |
| TOP OF THE 3RD |
|
Montreal Expos batting - Pitching for New York Yankees : RHP Andres Galindo
|
|
Batting: RHB John Ham
|
0-0: Foul Ball, location: 2F 0-1: Ball 1-1: Foul Ball, location: 2F 1-2: Ball 2-2: Ball 3-2: Strikes out looking
|
|
Batting: RHB Tommy Mize
|
0-0: Ball 1-0: Fly out, F8 (Flyball, 8LD, EV 84.4 MPH)
|
|
Batting: RHB Danny Diaz
|
0-0: Called Strike 0-1: DOUBLE (Line Drive, 89D, EV 101.9 MPH)
|
|
Batting: LHB Darryl Gonnella
|
0-0: DOUBLE (Line Drive, 78D, EV 104.4 MPH) Danny Diaz scores
|
|
Batting: RHB Steve French
|
0-0: Ball 1-0: Ball 2-0: Ground out 5-3 (Groundball, 56, EV 103.1 MPH)
|
| Top of the 3rd over - 1 run, 2 hits, 0 errors, 1 left on base; Montreal 1 - New York 4 |
| BOTTOM OF THE 3RD |
|
New York Yankees batting - Pitching for Montreal Expos : RHP Steve Barrett
|
|
Batting: SHB Mukhtar Wa'il
|
0-0: Ball 1-0: Foul Ball, location: 2F 1-1: Ball 2-1: Swinging Strike 2-2: Ball 3-2: Ground out U3 (Groundball, 34S, EV 83.8 MPH)
|
|
Batting: RHB Adriaan Pieters
|
0-0: Ball 1-0: Foul Ball, location: 2F 1-1: Ball 2-1: Fly out, F8 (Flyball, 8RM, EV 95.0 MPH)
|
|
Batting: RHB Larry Martell
|
0-0: Foul Ball, location: 2F 0-1: Ball 1-1: Called Strike 1-2: Foul Ball, location: 2F 1-2: Ball 2-2: Strikes out swinging
|
| Bottom of the 3rd over - 0 runs, 0 hits, 0 errors, 0 left on base; Montreal 1 - New York 4 |
| TOP OF THE 4TH |
|
Montreal Expos batting - Pitching for New York Yankees : RHP Andres Galindo
|
|
Batting: SHB Joey Pacheco
|
0-0: Foul Ball, location: 2F 0-1: Ball 1-1: Foul Ball, location: 2F 1-2: Foul Ball, location: 2F 1-2: Fly out, F7 (Flyball, 78XD, EV 103.8 MPH)
|
|
Batting: LHB Austin Ohmer
|
0-0: Ball 1-0: Called Strike 1-1: Ball 2-1: Ball 3-1: Swinging Strike 3-2: Foul Ball, location: 2F 3-2: Foul Ball, location: 2F 3-2: Strikes out swinging, 2-3 out at first.
|
|
Batting: LHB Steve Anderson
|
0-0: Foul Ball, location: 2F 0-1: Foul Ball, location: 2F 0-2: Ground out 4-3 (Groundball, 4, EV 83.8 MPH)
|
| Top of the 4th over - 0 runs, 0 hits, 0 errors, 0 left on base; Montreal 1 - New York 4 |
| BOTTOM OF THE 4TH |
|
New York Yankees batting - Pitching for Montreal Expos : RHP Steve Barrett
|
|
Batting: RHB Jose Tovar
|
0-0: Ball 1-0: Foul Ball, location: 2F 1-1: Foul Ball, location: 2F 1-2: Ball 2-2: Foul Ball, location: 2F 2-2: Strikes out swinging
|
|
Batting: RHB Geni Prawiranega
|
0-0: Fly out, F2 (Popup, 2RF, EV 97.5 MPH)
|
|
Batting: LHB Dan Morris
|
0-0: Called Strike 0-1: Ball 1-1: Ball 2-1: Foul Ball, location: 2F 2-2: Strikes out swinging
|
| Bottom of the 4th over - 0 runs, 0 hits, 0 errors, 0 left on base; Montreal 1 - New York 4 |
| TOP OF THE 5TH |
|
Montreal Expos batting - Pitching for New York Yankees : RHP Andres Galindo
|
|
Batting: LHB Eric Toney
|
0-0: Swinging Strike 0-1: Ball 1-1: Foul Ball, location: 2F 1-2: Strikes out swinging
|
|
Batting: RHB John Ham
|
0-0: Called Strike 0-1: Ball 1-1: Foul Ball, location: 2F 1-2: Foul Ball, location: 2F 1-2: Ground out 4-3 (Groundball, 4, EV 89.4 MPH)
|
|
Batting: RHB Tommy Mize
|
0-0: Called Strike 0-1: Ball 1-1: Fly out, F9 (Flyball, 9, EV 84.4 MPH)
|
| Top of the 5th over - 0 runs, 0 hits, 0 errors, 0 left on base; Montreal 1 - New York 4 |
| BOTTOM OF THE 5TH |
|
New York Yankees batting - Pitching for Montreal Expos : RHP Steve Barrett
|
|
Batting: RHB Russ Shambaugh
|
0-0: Ball 1-0: Ball 2-0: Called Strike 2-1: Ball 3-1: Foul Ball, location: 2F 3-2: Foul Ball, location: 2F 3-2: Foul Ball, location: 2F 3-2: Base on Balls
|
|
Batting: RHB Jeckel Hester
|
0-0: Called Strike 0-1: Swinging Strike Passed Ball! Russ Shambaugh to second 0-2: Foul Ball, location: 2F 0-2: Ball 1-2: Ball 2-2: Ground out 6-3 (Groundball, 6, EV 88.1 MPH) Russ Shambaugh to third
|
|
Batting: SHB Bartholomeu Chambino
|
0-0: Foul Ball, location: 2F 0-1: Ground out 4-3 (Groundball, 4M, EV 83.8 MPH) Russ Shambaugh scores
|
|
Batting: SHB Mukhtar Wa'il
|
0-0: Ball 1-0: Ball 2-0: Foul Ball, location: 2F 2-1: Ball 3-1: Base on Balls
|
|
Pitching: LHP Chris Ross
|
|
|
Batting: RHB Adriaan Pieters
|
0-0: Ball 1-0: Ball 2-0: Fly out, F8 (Flyball, 78S, EV 80.0 MPH)
|
| Bottom of the 5th over - 1 run, 0 hits, 0 errors, 1 left on base; Montreal 1 - New York 5 |
| TOP OF THE 6TH |
|
Montreal Expos batting - Pitching for New York Yankees : RHP Andres Galindo
|
|
Batting: RHB Danny Diaz
|
0-0: Ball 1-0: Foul Ball, location: 2F 1-1: Foul Ball, location: 2F 1-2: Strikes out swinging
|
|
Batting: LHB Darryl Gonnella
|
0-0: Foul Ball, location: 2F 0-1: Foul Ball, location: 2F 0-2: Fly out, F8 (Flyball, 8RD, EV 101.2 MPH)
|
|
Batting: RHB Steve French
|
0-0: Fly out, F7 (Flyball, 7D, EV 88.1 MPH)
|
| Top of the 6th over - 0 runs, 0 hits, 0 errors, 0 left on base; Montreal 1 - New York 5 |
| BOTTOM OF THE 6TH |
|
New York Yankees batting - Pitching for Montreal Expos : LHP Chris Ross
|
|
Batting: RHB Larry Martell
|
0-0: Ball 1-0: Ball 2-0: Called Strike 2-1: Foul Ball, location: 2F 2-2: Foul Ball, location: 2F 2-2: Fly out, F9 (Flyball, 9D, EV 90.6 MPH)
|
|
Batting: RHB Jose Tovar
|
0-0: Ball 1-0: Foul Ball, location: 2F 1-1: Ball 2-1: Ball 3-1: SINGLE (Flyball, 7LS, EV 100.0 MPH)
|
|
Batting: RHB Geni Prawiranega
|
0-0: Ball 1-0: Called Strike 1-1: Swinging Strike 1-2: Ball 2-2: Ball 3-2: Strikes out looking
|
|
Batting: LHB Dan Morris
|
0-0: Ball 1-0: Foul Ball, location: 2F 1-1: Foul Ball, location: 2F 1-2: Ball 2-2: Strikes out looking
|
| Bottom of the 6th over - 0 runs, 1 hit, 0 errors, 1 left on base; Montreal 1 - New York 5 |
| TOP OF THE 7TH |
|
Montreal Expos batting - Pitching for New York Yankees : RHP Andres Galindo
|
|
Batting: SHB Joey Pacheco
|
0-0: Called Strike 0-1: Ball 1-1: Foul Ball, location: 2F 1-2: Ball 2-2: Foul Ball, location: 2F 2-2: Ball 3-2: SINGLE (Groundball, 4S, EV 61.9 MPH) (infield hit)
|
|
Batting: LHB Austin Ohmer
|
0-0: Foul Ball, location: 2F 0-1: Ball 1-1: Ball 2-1: Called Strike Joey Pacheco steals 2nd base 2-2: Ball 3-2: Ground out 4-3 (Groundball, 4, EV 86.9 MPH) Joey Pacheco to third
|
|
Batting: LHB Steve Anderson
|
0-0: Ball 1-0: Called Strike 1-1: Ball 2-1: Foul Ball, location: 2F 2-2: Foul Ball, location: 2F 2-2: Ball 3-2: Base on Balls
|
|
Pitching: RHP Tim Catalano
|
|
|
Batting: LHB Eric Toney
|
0-0: Called Strike 0-1: Called Strike 0-2: Grounds into double play, 5-4-3 (Groundball, 56, EV 110.6 MPH)
|
| Top of the 7th over - 0 runs, 1 hit, 0 errors, 1 left on base; Montreal 1 - New York 5 |
| BOTTOM OF THE 7TH |
|
New York Yankees batting - Pitching for Montreal Expos : LHP Chris Ross
|
|
Batting: RHB Russ Shambaugh
|
0-0: Ball 1-0: Called Strike 1-1: Ball 2-1: SINGLE (Line Drive, 89S, EV 110.6 MPH)
|
|
Batting: RHB Jeckel Hester
|
0-0: Ball 1-0: Bunted foul 1-1: Sac Bunt to 25 - play at first, batter OUT! 5-3 Russ Shambaugh to second
|
|
Batting: SHB Bartholomeu Chambino
|
0-0: Ball 1-0: Foul Ball, location: 2F 1-1: Ball 2-1: Called Strike 2-2: Strikes out swinging
|
|
Batting: SHB Mukhtar Wa'il
|
0-0: Ball 1-0: Ball 2-0: Foul Ball, location: 2F 2-1: Ball 3-1: Swinging Strike 3-2: Foul Ball, location: 2F 3-2: Foul Ball, location: 2F 3-2: Foul Ball, location: 2F 3-2: Strikes out looking
|
| Bottom of the 7th over - 0 runs, 1 hit, 0 errors, 1 left on base; Montreal 1 - New York 5 |
| TOP OF THE 8TH |
|
Montreal Expos batting - Pitching for New York Yankees : RHP Tim Catalano
|
|
Batting: RHB John Ham
|
0-0: Swinging Strike 0-1: Swinging Strike 0-2: Ball 1-2: Strikes out swinging
|
|
Batting: RHB Tommy Mize
|
0-0: Ball 1-0: Foul Ball, location: 2F 1-1: Ball 2-1: Ball 3-1: DOUBLE (Flyball, 8RXD, EV 96.2 MPH)
|
|
Batting: RHB Danny Diaz
|
0-0: Ball 1-0: Ball 2-0: Called Strike 2-1: Swinging Strike 2-2: Ground out U3 (Groundball, 3S, EV 86.9 MPH) Tommy Mize to third
|
|
Batting: LHB Darryl Gonnella
|
0-0: Foul Ball, location: 2F 0-1: Ball 1-1: Ball 2-1: Ball Passed Ball! Tommy Mize scores 3-1: Foul Ball, location: 2F 3-2: Base on Balls
|
|
Batting: RHB Steve French
|
0-0: Ball 1-0: Called Strike 1-1: Called Strike 1-2: Strikes out looking
|
| Top of the 8th over - 1 run, 1 hit, 0 errors, 1 left on base; Montreal 2 - New York 5 |
| BOTTOM OF THE 8TH |
|
New York Yankees batting - Pitching for Montreal Expos : LHP Chris Ross
|
|
Pitching: LHP Kyle Schlosschlonghair
|
|
|
Batting: RHB Adriaan Pieters
|
0-0: Foul Ball, location: 2F 0-1: Called Strike 0-2: Ball 1-2: SINGLE (Groundball, 6D, EV 101.9 MPH)
|
|
Batting: RHB Larry Martell
|
0-0: Called Strike 0-1: Swinging Strike 0-2: Ball 1-2: Foul Ball, location: 2F 1-2: Ball 2-2: Foul Ball, location: 2F 2-2: Ball 3-2: Foul Ball, location: 2F 3-2: SINGLE (Groundball, 5S, EV 70.0 MPH) (infield hit) Adriaan Pieters to second
|
|
Batting: RHB Jose Tovar
|
0-0: Ball 1-0: Bunted foul 1-1: Sac Bunt to 13 - play at first, batter OUT! 1-4 Adriaan Pieters to third Larry Martell to second
|
|
Batting: RHB Geni Prawiranega
|
0-0: Intentional Walk
|
|
Batting: LHB Dan Morris
|
0-0: SINGLE (Line Drive, 9LS, EV 103.8 MPH) Adriaan Pieters scores Larry Martell to third Geni Prawiranega to second
|
|
Batting: RHB Russ Shambaugh
|
0-0: Fielders Choice at 2nd, 5-4 (Groundball, 56, EV 100.6 MPH) Larry Martell scores Geni Prawiranega to third
|
|
Batting: RHB Jeckel Hester
|
0-0: Ball 1-0: Ball 2-0: Foul Ball, location: 2F 2-1: Ball 3-1: SINGLE (Flyball, 3D, EV 96.2 MPH) Geni Prawiranega scores Russ Shambaugh to second Runner from 2nd tries for 3rd, SAFE, throw by RF made to third
|
|
Batting: SHB Bartholomeu Chambino
|
0-0: Ball 1-0: Ball 2-0: Called Strike 2-1: Ball 3-1: Base on Balls Jeckel Hester to second
|
|
Pitching: RHP Joel Beggs
|
|
|
Batting: SHB Mukhtar Wa'il
|
0-0: Called Strike 0-1: Ball 1-1: Swinging Strike 1-2: Strikes out looking
|
| Bottom of the 8th over - 3 runs, 4 hits, 0 errors, 3 left on base; Montreal 2 - New York 8 |
| TOP OF THE 9TH |
|
Montreal Expos batting - Pitching for New York Yankees : RHP Tim Catalano
|
|
Batting: SHB Joey Pacheco
|
0-0: Ball 1-0: Ball 2-0: SINGLE (Flyball, 34D, EV 90.0 MPH)
|
|
Batting: LHB Austin Ohmer
|
0-0: Swinging Strike 0-1: Swinging Strike 0-2: Strikes out swinging
|
|
Pitching: RHP Chris McCoy
|
|
|
Batting: LHB Steve Anderson
|
0-0: Ball 1-0: SINGLE (Line Drive, 8LS, EV 85.6 MPH) Joey Pacheco to second
|
|
Batting: LHB Eric Toney
|
0-0: Ball 1-0: Called Strike 1-1: Foul Ball, location: 2F 1-2: SINGLE (Line Drive, 8LS, EV 107.5 MPH) Joey Pacheco to third Steve Anderson to second
|
|
Pinch Hitting: LHB Bill McGregor
|
0-0: Called Strike 0-1: Ball 1-1: Called Strike 1-2: Grounds into fielders choice 1-2 (Groundball, 13S, EV 68.8 MPH) Steve Anderson to third Eric Toney to second
|
|
Batting: RHB Tommy Mize
|
0-0: Ball 1-0: Ground out 5-3 (Groundball, 56S, EV 88.8 MPH)
|
| Top of the 9th over - 0 runs, 3 hits, 0 errors, 3 left on base; Montreal 2 - New York 8 |
|